 Dungeon Crawl Stone Soup version 0.19-a0-1714-gcab94ab (webtiles) character file.

113 rageheart7 the Firebug (level 4, -2/27 HPs)
             Began as a High Elf Wanderer on Sept 29, 2016.
             Slain by an iguana (11 damage)
             ... on level 2 of the Dungeon.
             The game lasted 00:05:48 (2349 turns).

rageheart7 the Firebug (High Elf Wanderer)          Turns: 2349, Time: 00:05:48

Health: -2/27      AC:  6    Str:  6    XL:     4   Next: 65%
Magic:  1/11       EV: 10    Int: 16    God:
Gold:   199        SH:  4    Dex: 18    Spells: 1 memorised, 11 levels left

rFire  . . .     SeeInvis .     g - +0 dagger
rCold  . . .     Gourm    .     d - +0 robe
rNeg   . . .     Faith    .     e - +0 buckler
rPois  .         Spirit   .     o - +2 helmet
rElec  .         Dismiss  .     (no cloak)
rCorr  .         Reflect  .     (no gloves)
MR     +....     Harm     .     (no boots)
Stlth  ++........               (no amulet)
                                (no ring)
                                (no ring)

@: very slightly contaminated
A: claws 1, blurry vision 1, magic resistance 1, weak 1
a: no special abilities


You were on level 2 of the Dungeon.
You were not hungry.

You visited 1 branch of the dungeon, and saw 2 of its levels.

You collected 199 gold pieces.

Inventory:

Hand Weapons
 b - a +2 blowgun
 g - a +0 dagger (weapon)
Missiles
 a - 4 curare-tipped needles
 k - 7 steel tomahawks (quivered)
Armour
 d - a +0 robe (worn)
 e - a +0 buckler (worn)
 o - a +2 helmet (worn)
Scrolls
 h - 3 scrolls of amnesia
 l - a scroll of magic mapping
 m - a scroll of noise {unknown}
Potions
 n - a potion of cure mutation
 q - a potion of ambrosia
Books
 c - Jajegg's Catalogue of Fire

   Spells                             Type                      Level
   a - Flame Tongue                   Conjuration/Fire             1
   b - Ignite Poison                  Fire/Transmutation/Poison    3
Comestibles
 f - a bread ration
 i - a slice of pizza
 j - 2 meat rations
 r - 10 chunks of flesh


   Skills:
 - Level 1.0 Throwing
 + Level 1.0 Shields
 * Level 4.7 Spellcasting
 - Level 0.2 Conjurations
   Level 1.2 Charms
   Level 1.0 Summonings
 - Level 6.0 Fire Magic


You had 11 spell levels left.
You knew the following spells:

 Your Spells              Type           Power        Failure   Level  Hunger
a - Flame Tongue          Conj/Fire      ##...        10%         1    None


Dungeon Overview and Level Annotations

Branches:
Dungeon (2/15)

Altars:


Innate Abilities, Weirdness & Mutations

You have sharp fingernails.
Scrolls take you a little longer to read.
You are resistant to hostile enchantments. (MR+)
You are weak. (Str -2)


Message History

The iguana is moderately wounded.
The iguana barely misses you.
You completely miss the iguana.
The iguana is moderately wounded.
The iguana barely misses you.
Casting: Flame Tongue
Confirm with . or Enter, or press ? or * to list all spells.
Aiming: Flame Tongue
Press: ? - help, Shift-Dir - straight line, f - iguana
Aim: an iguana (moderately wounded)
The flame tongue hits the iguana.
The iguana appears unharmed.
The iguana is moderately wounded.
You block the iguana's attack.
You closely miss the iguana.
The iguana is moderately wounded.
The iguana completely misses you. The iguana bites you!
You hit the iguana but do no damage.
The iguana is moderately wounded.
The iguana bites you!
You die...

##.###..####.#.....(8.8..###
#.#....# ##.####...8......
#..#.#.## ##.## #........##
##÷###...###...####.#..####
##.## #.......#..# #....#
##.#.###...###....#####..#
##)#...#.#.###............#####
#.###[#.#..........[...........
##.#..#......#@#.#.####..######
##.#.###...##l#.#........#
#.#.# ##.###†..######...# #.#.#
#....)### #...##### #.#.#
#####.# #......>. #.#.#
#.########..###### #.#.#
#...........## #.#(#
#....).......# #.#
#.##%#######.#


You could see an iguana.

Vanquished Creatures
  2 adders (D:2)
  2 oozes
  3 worms (D:2)
  4 dart slugs
  3 leopard geckos
  4 bats
  6 giant cockroaches
  9 goblins
  8 hobgoblins
  8 jackals
  4 frilled lizards
  4 kobolds
  4 rats (D:2)
61 creatures vanquished.

Notes
Turn   | Place    | Note
-------+----------+-------------------------------------------
     0 | D:1      | rageheart7 the High Elf Wanderer began the quest for the Orb.
     0 | D:1      | rageheart7 set off with: 4 curare-tipped needles, a +2 blowgun, Jajegg's Catalogue of Fire, a +0 robe, a bread ration
     0 | D:1      | Reached XP level 1. HP: 11/11 MP: 2/2
     0 | D:1      | Identified Jajegg's Catalogue of Fire
   178 | D:1      | Reached skill level 1 in Spellcasting
   381 | D:1      | Reached XP level 2. HP: 11/17 MP: 5/5
   396 | D:1      | Learned a level 1 spell: Flame Tongue
   702 | D:1      | Reached XP level 3. HP: 8/21 MP: 1/8
  1347 | D:2      | Found a faded altar of an unknown god.
  1726 | D:2      | Reached XP level 4. HP: 20/27 MP: 8/10
  2022 | D:2      | Gained mutation: You are weak. (Str -2) [potion of mutation]
  2022 | D:2      | Gained mutation: You are resistant to hostile enchantments. (MR+) [potion of mutation]
  2022 | D:2      | Gained mutation: You have sharp fingernails. [potion of mutation]
  2066 | D:2      | Gained mutation: Scrolls take you a little longer to read. [potion of mutation]
  2349 | D:2      | Slain by an iguana

Vault maps used:
D:1:      dpeg_cavernosity
D:2:      ecumenical_altar_2, grunt_ministairs_8

Skill      XL: |  1  2  3  4 |
---------------+-------------+-----
Spellcasting   | 1 2 3 4 |  4.7
Throwing       | |  1.0
Shields        | |  1.0
Conjurations   | |  0.2
Charms         | |  1.2
Summonings     | |  1.0
Fire Magic     | |  6.0

Action                   |  1- 3 |  4- 6 || total
-------------------------+-------+-------++-------
Melee: Hand axe          |    15 |       ||    15
       Short sword       |    32 |       ||    32
       Dagger            |    29 |    54 ||    83
 Fire: Blowgun           |     1 |       ||     1
 Cast: Flame Tongue      |    43 |    50 ||    93
  Use: Scroll            |     5 |     4 ||     9
       Potion            |       |     2 ||     2
  Eat: Chunk             |     3 |     2 ||     5
Armor: Robe              |    35 |    37 ||    72
Dodge: Dodged            |    60 |    67 ||   127
Block: Buckler           |       |     9 ||     9
